 Dungeon Crawl Stone Soup version 0.29.1-12-g30fa7ad0bf (webtiles) character file.

Game seed: 9915212008338115396

3 growler the Magician (level 1, 0/13 HPs)
             Began as a Demonspawn Hedge Wizard on Dec 30, 2022.
             Slain by a goblin
             ... wielding a +1 dagger of holy wrath
              (4 damage)
             ... on level 1 of the Dungeon.
             The game lasted 00:01:07 (219 turns).

growler the Magician (Demonspawn Hedge Wizard)       Turns: 219, Time: 00:01:07

Health: 0/13       AC:  2    Str: 10    XL:     1   Next: 41%
Magic:  1/4        EV: 12    Int: 15    God:
Gold:   7          SH:  0    Dex: 12    Spells: 5/6 levels left

rFire   . . .      SeeInvis .   a - +0 dagger
rCold   . . .      Faith    .   (no shield)
rNeg    . . .      Spirit   .   b - +0 robe
rPois   .          Reflect  .   c - +0 hat
rElec   .          Harm     .   (no cloak)
rCorr   .          Rampage  .   (no gloves)
Will    .....                   (no boots)
Stlth   ++........              (no amulet)
HPRegen 0.04/turn               (no ring)
MPRegen 0.09/turn               (no ring)

@: very slightly contaminated
A: no striking features
a: no special abilities


You were on level 1 of the Dungeon.
You visited 1 branch of the dungeon, and saw 1 of its levels.

You collected 7 gold pieces.

Inventory:

Hand Weapons
 a - a +0 dagger (weapon)
Armour
 b - a +0 robe (worn)
 c - a +0 hat (worn)
Potions
 d - a potion of magic


   Skills:
 - Level 1.7 Dodging
 - Level 1.7 Stealth
 + Level 3.1 Spellcasting
 + Level 1.2 Conjurations
 - Level 1.0 Summonings
 - Level 0.8 Translocations


You had 5 spell levels left.
You knew the following spells:

 Your Spells              Type           Power      Damage    Failure   Level
a - Magic Dart            Conj           24%        1d4       12%         1

Your spell library contained the following spells:

 Spells                   Type           Power      Damage    Failure   Level
 Slow                     Hex            8%         N/A       21%         1
 Call Imp                 Summ           5%         N/A       21%         2
 Blink                    Tloc           8%         N/A       22%         2
 Conjure Flame            Conj/Fire      4%         6-21      43%         3
 Mephitic Cloud           Conj/Pois/Air  3%         N/A       45%         3


Dungeon Overview and Level Annotations

Branches:
Dungeon (1/15)

Altars:


Message History

The magic dart hits the kobold.
You kill the kobold!
Your magical contamination has completely faded away.
Things that are here:
a +0 short sword; a stone A quokka comes into view.
The helpless quokka fails to defend itself.
You hit the quokka.
You kill the quokka!
A goblin comes into view.
It is wielding a +1 dagger of holy wrath.
The goblin shouts!
You see here a quokka corpse.
Casting: Magic Dart (safe; 12% risk of failure)
Confirm with . or Enter, or press ? or * to list all spells.
Aiming: Magic Dart (safe; 12% risk of failure)
Press: ? - help, Shift-Dir - straight line, f - goblin
Aim: a goblin, wielding a +1 dagger of holy wrath (100% to hit)
The magic dart hits the goblin.
The goblin is moderately wounded.
The goblin hits you with a +1 dagger of holy wrath.
You convulse.
Casting: Magic Dart (safe; 12% risk of failure)
Confirm with . or Enter, or press ? or * to list all spells.
Aiming: Magic Dart (safe; 12% risk of failure)
Press: ? - help, Shift-Dir - straight line, f/p - goblin
Aim: a goblin, wielding a +1 dagger of holy wrath (moderately wounded, 100% to hit)
The magic dart hits the goblin.
The goblin is heavily wounded.
The goblin barely misses you.
Casting: Magic Dart (safe; 12% risk of failure)
Confirm with . or Enter, or press ? or * to list all spells.
Aiming: Magic Dart (safe; 12% risk of failure)
Press: ? - help, Shift-Dir - straight line, f/p - goblin
Aim: a goblin, wielding a +1 dagger of holy wrath (heavily wounded, 100% to hit)
You miscast Magic Dart.
You are very lightly contaminated with residual magic.
Nothing appears to happen.
The goblin hits you with a +1 dagger of holy wrath.
You convulse.
You die...

#. .. #. #. #. #.
#g#### #.@..# ####
####.# #≈≈≈### #.#
#≈≈≈≈## #.# #≈≈≈≈#
#.#
####≈≈~###########.#
....~~≈~.......>##.#
.....≈≈~........##.#
.....~≈~........##.#


You could see a goblin.

Vanquished Creatures
  A giant cockroach (D:1)
  A quokka (D:1)
  A kobold (D:1)
3 creatures vanquished.

Notes
Turn   | Place    | Note
-------+----------+-------------------------------------------
     0 | D:1      | growler the Demonspawn Hedge Wizard began the quest for the
                  | Orb.
     0 | D:1      | Reached XP level 1. HP: 13/13 MP: 4/4
   219 | D:1      | Slain by a goblin

Illustrated notes

Levels and vault maps discovered:
D:1:      lemuel_arrival_river_ford, layout_basic, ebering_ecumenical_altar_mist

Action                   || total
-------------------------++-------
Melee: Dagger            ||     7
 Cast: Magic Dart        ||     8
 Stab: Sleeping          ||     1
Armor: Robe              ||     2
Dodge: Dodged            ||     5
